 Dungeon Crawl Stone Soup version 0.28.0-49-g6dfe1f597d (webtiles) character file.

Game seed: 18408469140835297005

3360 Gabide the Scholar of Death (level 9, -2/71 HPs)
             Began as a Mummy Necromancer on May 10, 2022.
             Was a Follower of Kikubaaqudgha.
             Incinerated by a deep elf pyromancer (9 damage)
             ... with a sticky flame
             ... on level 8 of the Dungeon on May 11, 2022.
             The game lasted 00:27:45 (10182 turns).

Gabide the Scholar of Death (Mummy Necromancer)    Turns: 10182, Time: 00:27:46

Health: -2/71      AC:  4    Str: 11    XL:     9   Next: 73%
Magic:  14/27      EV: 14    Int: 19    God:    Kikubaaqudgha [*.....]
Gold:   1524       SH:  0    Dex: 12    Spells: 8/21 levels left

rFire   x . .      SeeInvis .   g - staff of death
rCold   + . .      Faith    .   (no shield)
rNeg    + + +      Spirit   .   a - +0 robe
rPois   ∞          Reflect  .   c - +0 helmet
rElec   .          Harm     .   j - +0 cloak
rCorr   .          Rampage  .   (no gloves)
Will    +....                   (no boots)
Stlth   +.........              (no amulet)
HPRegen 0.21/turn               e - ring of magical power
MPRegen 0.20/turn               (no ring)

@: on fire, glowing
A: cold resistance 1, negative energy resistance 3, torment resistance 2, heat
vulnerability 1, no potions
a: Renounce Religion, Receive Corpses


You were on level 8 of the Dungeon.
You worshipped Kikubaaqudgha.
Kikubaaqudgha was aware of your devotion.
You visited 2 branches of the dungeon, and saw 9 of its levels.

You collected 1524 gold pieces.

Inventory:

Armour
 a - a +0 robe (worn)
 c - a +0 helmet (worn)
 j - a +0 cloak (worn)
 o - a +0 scale mail
Magical Staves
 g - a staff of death (weapon)
Jewellery
 e - a ring of magical power (left hand)
Wands
 b - a wand of acid (6)
 d - a wand of mindburst (19)
Scrolls
 f - 3 scrolls of magic mapping
 h - a scroll of amnesia
 i - a scroll of immolation
 k - 2 scrolls of noise
 l - a scroll of brand weapon {unknown}
 m - a scroll of vulnerability {unknown}
 n - 3 scrolls of identify


   Skills:
 * Level 6.7 Fighting
 + Level 3.5 Staves
 * Level 5.9 Dodging
 - Level 1.5 Stealth
 + Level 6.5 Spellcasting
 * Level 8.4 Necromancy


You had 8 spell levels left.
You knew the following spells:

 Your Spells              Type           Power      Damage    Failure   Level
a - Pain                  Necr           100%       1d9       1%          1
b - Vampiric Draining     Necr           54%        2d9       1%          3
c - Animate Dead          Necr           27%        N/A       3%          4
d - Agony                 Necr           54%        N/A       10%         5

Your spell library contained the following spells:

 Spells                   Type           Power      Damage    Failure   Level
 Animate Skeleton         Necr           100%       N/A       1%          1
 Summon Hydra             Summ           3%         N/A       100%        7
 Sublimation of Blood     Necr           Unusable   N/A       N/A         2
 Wereblood                Tmut           Unusable   N/A       N/A         2

Dungeon Overview and Level Annotations

Branches:
Dungeon (8/15)             Temple (1/1) D:4            Lair (0/6) D:8

Altars:
Ashenzari
Cheibriados
Dithmenos
Elyvilon
Fedhas
Gozag
Hepliaklqana
Kikubaaqudgha
Makhleb
Nemelex Xobeh
Okawaru
Qazlal
Ru
Trog
Uskayaw
Vehumet
Wu Jian
Xom
Yredelemnul
Zin
The Shining One

Portals:
Abyss: D:5

Annotations:
D:4 1 runed translucent door, 101zpm's ghost, weakling DjFE
D:5 2 transporters, Bruhh's ghost, novice DsVM


Innate Abilities, Weirdness & Mutations

You are immune to poison.
Your flesh is cold resistant. (rC+)
You are immune to negative energy. (rN+++)
You are immune to unholy pain and torment.
You are vulnerable to heat. (rF-)
You do not drink.


Message History

Press: ? - help, Shift-Dir - straight line You feel a surge of power!
You draw life force from something!
Kikubaaqudgha accepts your kill.
Reactivating autopickup.
You feel a bit more experienced.
You feel life coursing into your body. The vampire mosquito bites you.
The vampire mosquito barely misses you.
Aiming: Mindburst
Press: ? - help, Shift-Dir - straight line, f - vampire mosquito
Aim: a vampire mosquito (moderately damaged, chance to affect: 64%)
The vampire mosquito's mind is blasted!!
You blow up the vampire mosquito!
Kikubaaqudgha accepts your kill.
You start resting.
An orc warrior comes into view. It is wielding a +0 long sword.
A deep elf pyromancer comes into view. It is wielding a +0 dagger.
There are monsters nearby!
Okay, then.
Unknown command.
Casting: Vampiric Draining (safe; 1% risk of failure)
Confirm with . or Enter, or press ? or * to list all spells.
Aiming: Agony (dangerous; 10% risk of failure)
Press: ? - help, Shift-Dir - straight line, f - deep elf pyromancer
Aim: a deep elf pyromancer, wielding a +0 dagger and wearing a +0 leather armour (chance to affect: 95%)
You feel a surge of power!
The deep elf pyromancer convulses!
The orc warrior hits you with a +0 long sword!
The deep elf pyromancer casts a spell at you.
The sticky flame hits you! The fire burns you terribly!
You are covered in liquid flames!
* * * LOW HITPOINT WARNING * * *
Casting: Agony (dangerous; 10% risk of failure)
Confirm with . or Enter, or press ? or * to list all spells.
You don't know that spell.
Unknown command.
You are covered in liquid flames!
* * * LOW HITPOINT WARNING * * *
Things that are here:
a +0 dagger; a +0 robe You are covered in liquid flames!
You die...
Kikubaaqudgha rasps: "You have failed me!
Welcome... oblivion!"

.# .# .# .# ### .#
#.#.. .# #.#.### .#
#.#.#.. #### .#
..#.#.####...# .
##.#.#.#..@##.# .#
#..#.#.#.##)#.# .+
+..#.#.#.#[oe# .#
#..)#.#.#.#/##
.#+####...#.#.#.##..
..........#.#.#..
###
..........#.#.####
..........#.#..
.......#..#.###


You could see a deep elf pyromancer and an orc warrior.

Vanquished Creatures
  A wyvern (D:7)
  2 yaks (D:7)
  Eustachio (D:4)
  A basilisk (D:8)
  A vampire mosquito (D:8)
  A steam dragon (D:7)
  A sky beast (D:6)
  2 necrophages
  2 black bears
  An ogre (D:5)
  2 centaurs
  A bullfrog (D:7)
  2 scorpions
  2 water moccasin zombies
  6 killer bees (D:7)
  A hound (D:5)
  2 jellies
  A gnoll shaman (D:7)
  2 centaur skeletons
  4 orc priests
  5 iguanas
  5 orc wizards
  A scorpion zombie (D:5)
  2 hound zombies (D:5)
  A hound skeleton (D:5)
  Robin (D:4)
  A howler monkey zombie (D:5)
  6 gnolls
  10 adders
  2 worms (D:3)
  4 dart slugs
  30 orcs
  2 endoplasms
  2 giant cockroaches
  23 goblins
  9 hobgoblins
  3 jackals (D:2)
  A quokka (D:2)
  4 ball pythons
  8 bats
  2 frilled lizards
  5 kobolds
  6 rats
169 creatures vanquished.

Vanquished Creatures (collateral kills)
  A yak (D:8)
  2 centaur skeletons (D:7)
  A gnoll (D:7)
  An adder zombie (D:5)
5 creatures vanquished.

Vanquished Creatures (others)
  3 withered plants (D:5)
3 creatures vanquished.

Grand Total: 177 creatures vanquished

Notes
Turn   | Place    | Note
-------+----------+-------------------------------------------
     0 | D:1      | Gabide the Mummy Necromancer began the quest for the Orb.
     0 | D:1      | Reached XP level 1. HP: 13/13 MP: 4/4
   146 | D:1      | Reached XP level 2. HP: 18/20 MP: 1/5
   785 | D:2      | Noticed a phantom
   848 | D:2      | Found a snail-covered altar of Cheibriados.
  1390 | D:2      | Reached skill level 1 in Fighting
  1390 | D:2      | Reached XP level 3. HP: 26/26 MP: 7/7
  1394 | D:2      | Learned a level 3 spell: Vampiric Draining
  1447 | D:2      | Reached XP level 4. HP: 14/32 MP: 0/9
  2122 | D:3      | Learned a level 4 spell: Animate Dead
  2233 | D:3      | Reached skill level 5 in Necromancy
  2557 | D:3      | Reached XP level 5. HP: 36/38 MP: 10/10
  2587 | D:3      | Found a faded altar of an unknown god.
  3127 | D:4      | Noticed 101zpm's ghost (weakling DjFE)
  3165 | D:4      | Found a staircase to the Ecumenical Temple.
  3187 | D:4      | Identified a scroll of acquirement
  3189 | D:4      | Acquired 1080 gold pieces
  3204 | Temple   | Entered the Ecumenical Temple
  3556 | Temple   | Became a worshipper of Kikubaaqudgha
  3590 | D:4      | Noticed Robin
  3625 | D:4      | Killed Robin
  3667 | D:4      | Noticed Eustachio
  3888 | D:4      | Killed Eustachio
  3889 | D:4      | Reached skill level 1 in Staves
  3889 | D:4      | Reached XP level 6. HP: 46/46 MP: 6/12
  4210 | D:4      | Found a runed translucent door.
  4420 | D:5      | Entered Level 5 of the Dungeon
  4472 | D:5      | Reached XP level 7. HP: 49/52 MP: 13/13
  4652 | D:5      | Reached skill level 6 in Necromancy
  5216 | D:5      | Found a transporter.
  5503 | D:5      | Found a one-way gate to the infinite horrors of the Abyss.
  5503 | D:5      | Noticed Bruhh's ghost (novice DsVM)
  5503 | D:5      | Noticed an ancient zyme
  5849 | D:5      | Found a transporter.
  5938 | D:5      | Noticed a small abomination
  6182 | D:5      | Reached XP level 8. HP: 60/60 MP: 15/15
  6502 | D:6      | Reached skill level 5 in Spellcasting
  6818 | D:6      | Identified the +4 dagger "Macryha" {drain, Str+4}
  7147 | D:6      | Reached skill level 7 in Necromancy
  7803 | D:7      | Reached * piety under Kikubaaqudgha
  7803 | D:7      | Received a gift from Kikubaaqudgha
  7804 | D:7      | Reached skill level 5 in Fighting
  7819 | D:7      | Learned a level 5 spell: Agony
  8502 | D:7      | Reached skill level 5 in Dodging
  8749 | D:7      | Reached XP level 9. HP: 50/68 MP: 16/17
  9508 | D:8      | Found a staircase to the Lair.
  9572 | D:8      | Reached skill level 8 in Necromancy
 10179 | D:8      | Noticed a deep elf pyromancer
 10182 | D:8      | Incinerated by a deep elf pyromancer

Illustrated notes

Levels and vault maps discovered:
D:1:      erik_arrival_triangle_small, layout_rooms
D:2:      layout_basic, basic_altar, minivault_14
D:3:      layout_rooms, ebering_ecumenical_altar_ruins
D:4:      layout_rooms, minmay_temple_entry_metal_lava,
          hellmonk_ghost_happy_afterlife, nicolae_figureground_pulse,
          uniq_eustachio, uniq_robin
D:5:      layout_basic, gammafunk_ghost_abyssal_escape,
          chequers_ossuary_entry_cave, serial_undead, serial_undead_c,
          serial_undead_f, serial_undead_f, serial_undead_d, st_stairs_1
D:6:      layout_loops_ring, grunt_decor_junction
D:7:      layout_cave_pools, enter_bailey_3, grunt_ministairs_12,
          nrook_loot_triangle, chequers_serial_rivers_micro_c
D:8:      minmay_distorted_concentric_squares, layout_gridville,
          david_lair_generic, special_room [special_room_orc], serial_shops,
          shop, minivault_12
Temple:   nicolae_temple_the_god_donut

Skill      XL: |  1  2  3  4  5  6  7  8  9 |
---------------+----------------------------+-----
Spellcasting   | 3 4 5 6 |  6.5
Fighting       | 1 2 3 4 5 6 |  6.7
Dodging        | 2 3 4 5 |  5.9
Necromancy     | 5 6 7 8 |  8.4
Staves         | 1 2 3 |  3.5
Stealth        | |  1.5

Action                   |  1- 3 |  4- 6 |  7- 9 || total
-------------------------+-------+-------+-------++-------
Melee: Unarmed           |     9 |       |       ||     9
       Short sword       |     8 |       |       ||     8
       Staff             |       |    27 |   188 ||   215
       Punch             |       |       |     5 ||     5
 Cast: Pain              |    48 |   124 |   101 ||   273
       Vampiric Draining |     4 |    17 |    76 ||    97
       Animate Dead      |       |     3 |    16 ||    19
       Agony             |       |       |     1 ||     1
Invok: Receive Corpses   |       |       |     1 ||     1
Evoke: Wand              |       |       |     1 ||     1
  Use: Scroll            |     3 |     8 |     3 ||    14
 Stab: Sleeping          |     1 |       |       ||     1
Armor: Robe              |       |    24 |    79 ||   103
Dodge: Dodged            |     9 |    60 |   227 ||   296
